AoeStats
← harooooo

Arabia

507933331Analyzed
1v1 RM · 12d ago on Sep 20, 2026· 39m 42s· 2 players
Game mode
Random Map
Map size
Tiny (2 player)
Population
200
Speed
Normal
Resources
Standard
Victory
Conquest
Starting age
Dark Age
Ending age
Imperial Age
RankedLock teamsTeams togetherTeam positionsShared explorationLock speedFull tech treeHidden civsTurbo modeCheats
Victory
Defeat
🇻🇳 Tatars · Vietnam
1916
+16
🇧🇦 Persians · Bosnia & Herzegovina
1910
-16
harooooo
10:16 Loom
12:24 Feudal Age
12:48 Double-Bit Axe
13:29 Horse Collar
21:58 Castle Age
20:45 Gold Mining
21:12 Scale Barding Armor
22:39 Bow Saw
22:59 Husbandry
23:03 Fletching
25:06 Elite Skirmisher
25:59 Bodkin Arrow
26:56 Padded Archer Armor
27:35 Wheelbarrow
28:55 Heavy Plow
29:58 Ballistics
29:58 Leather Archer Armor
29:57 Bloodlines
33:52 Chain Barding Armor
37:01 Imperial Age
36:50 Hand Cart
37:36 Guilds
38:59 Chemistry
37:52 Heavy Camel Rider
38:53 Stone Mining
39:52 Chain Barding Armor
NU Apartment
6:28 Loom
9:24 Feudal Age
10:24 Double-Bit Axe
10:54 Horse Collar
19:25 Castle Age
18:51 Gold Mining
20:06 Bloodlines
20:19 Bow Saw
20:09 Fletching
21:03 Bodkin Arrow
23:10 Wheelbarrow
24:08 Padded Archer Armor
24:41 Stone Mining
24:55 Town Watch
25:43 Husbandry
27:09 Ballistics
29:08 Scale Barding Armor
29:52 Leather Archer Armor
32:02 Chain Barding Armor
31:16 Elite Skirmisher
36:57 Imperial Age
35:14 Silk Armor
36:06 Gold Shaft Mining
35:19 Treadmill Crane
35:49 Masonry
37:38 Forging
37:41 Bracer
38:44 Chemistry
38:07 Bracer
38:44 Plate Barding Armor
39:45 Ring Archer Armor
39:50 Conscription
40:27 Forging
40:31 Timurid Siegecraft
Connection lost

Rejoining the realm…

Still unreachable

The connection could not be restored.

Session expired

The server has moved on; the page needs a fresh start.